 Dungeon Crawl Stone Soup version 0.19.0-2-gae57169 (webtiles) character file.

79455 KarmaPolice the Thaumaturge (level 15, -6/109 HPs)
             Began as a Purple Draconian Gladiator on Nov 6, 2016.
             Was the Champion of Hepliaklqana.
             Shot with a bolt by a yaktaur (15 damage)
             ... on level 15 of the Dungeon.
             The game lasted 04:45:44 (47993 turns).

KarmaPolice the Thaumaturge (DrGl)                 Turns: 47993, Time: 04:45:46

Health: -6/109     AC: 21    Str: 19    XL:     15   Next: 21%
Magic:  10/32      EV: 14    Int: 11    God:    Hepliaklqana [******]
Gold:   1148       SH:  0    Dex: 14    Spells: 11 memorised, 2 levels left

rFire  . . .     SeeInvis .     H - +5 spear (freeze)
rCold  . . .     Gourm    .     (armour unavailable)
rNeg   . . .     Faith    .     (no shield)
rPois  +         Spirit   .     (helmet restricted)
rElec  .         Reflect  .     o - +1 cloak {rPois}
rCorr  .         Harm     .     R - +2 pair of gloves
MR     ++...                    Z - +0 pair of boots
Stlth  +.........               K - amulet of magic regeneration
                                a - +6 ring of protection
                                D - ring of wizardry

@: confused
A: breathe power, unfitting armour, reduced essence, cold-blooded, AC +9
a: Breathe Dispelling Energy, Recall Ancestor, Ancestor Identity, Transference,
Idealise, Renounce Religion


You were on level 15 of the Dungeon.
You worshipped Hepliaklqana.
Hepliaklqana was exalted by your worship.
You were near starving.

You visited 4 branches of the dungeon, and saw 24 of its levels.
You also visited: Ossuary.

You collected 2708 gold pieces.
You spent 1560 gold pieces at shops.

Inventory:

Hand Weapons
 H - a +5 spear of freezing (weapon)
Missiles
 c - 5 throwing nets (quivered)
Armour
 o - a +1 cloak of poison resistance (worn)
 R - a +2 pair of gloves (worn)
 Z - a +0 pair of boots (worn)
Magical Staves
 z - an uncursed staff of wizardry
Jewellery
 a - a +6 ring of protection (right hand)
 D - a ring of wizardry (left hand)
 K - an amulet of magic regeneration (around neck)
 M - an uncursed ring of protection from magic
 P - an uncursed ring of protection from fire
Wands
 b - a wand of iceblast (0/15)
 u - a wand of digging (11/24)
 y - a wand of teleportation (1/9)
 B - a wand of confusion (2/48)
 I - a wand of lightning (8/15)
Scrolls
 g - 10 scrolls of remove curse
 l - a scroll of acquirement
 m - 2 scrolls of fog
 s - 3 scrolls of amnesia
 t - a scroll of teleportation
 v - a scroll of enchant weapon {unknown}
 x - 6 scrolls of enchant armour
 A - a scroll of silence {unknown}
 F - 7 scrolls of recharging
 W - 2 scrolls of magic mapping {unknown}
Potions
 e - 2 potions of magic
 n - a potion of brilliance
 r - 3 potions of agility
 C - 2 potions of cure mutation
 G - 5 potions of curing
 L - 6 potions of flight
 N - a potion of beneficial mutation {unknown}
 O - 3 potions of cancellation {unknown}
 Q - a potion of resistance {unknown}
 U - a potion of haste {unknown}
 Y - a potion of lignification {unknown}
Books
 f - a book of Conjurations

   Spells                             Type                      Level
   a - Magic Dart                     Conjuration                  1
   b - Searing Ray                    Conjuration                  2
   c - Dazzling Spray                 Conjuration/Hexes            3
   d - Fulminant Prism                Conjuration/Hexes            4
   e - Iskenderun's Mystic Blast      Conjuration                  4
   f - Iskenderun's Battlesphere      Conjuration/Charms           5
 h - a book of Power

   Spells                             Type                      Level
   a - Fulminant Prism                Conjuration/Hexes            4
   b - Iskenderun's Mystic Blast      Conjuration                  4
   c - Venom Bolt                     Conjuration/Poison           5
   d - Bolt of Magma                  Conjuration/Fire/Earth       5
   e - Iron Shot                      Conjuration/Earth            6
   f - Orb of Destruction             Conjuration                  7
   g - Spellforged Servitor           Conjuration/Summoning        7
 E - the Grimoire of Feathery Snow
   (You found it on level 6 of the Lair of Beasts)

   Spells                             Type                      Level
   a - Shock                          Conjuration/Air              1
   b - Static Discharge               Conjuration/Air              3
   c - Airstrike                      Air                          4
   d - Ice Form                       Ice/Transmutation            4
   e - Poisonous Cloud                Conjuration/Poison/Air       6
   f - Tornado                        Air                          9
 V - a book of Summonings

   Spells                             Type                      Level
   a - Recall                         Summoning/Translocation      3
   b - Aura of Abjuration             Summoning                    5
   c - Summon Demon                   Summoning                    5
   d - Summon Forest                  Summoning/Translocation      5
   e - Summon Mana Viper              Hexes/Summoning              5
   f - Shadow Creatures               Summoning                    6
Miscellaneous
 i - a sack of spiders
 p - a phantom mirror
 q - a box of beasts
 T - a phial of floods (inert)
Comestibles
 d - 14 bread rations
 j - 14 beef jerkies
 J - 13 royal jellies
 S - 9 meat rations
 X - 2 slices of pizza


   Skills:
 - Level 8.3 Fighting
   Level 2.5 Short Blades
 - Level 5.5 Polearms
 - Level 1.7 Throwing
 - Level 4.0 Dodging
 + Level 13.6 Spellcasting
 + Level 12.0 Conjurations
 + Level 12.4 Summonings
 - Level 8.0 Ice Magic
 - Level 8.1 Air Magic
 + Level 3.5 Earth Magic
 - Level 7.0 Invocations
 - Level 5.1 Evocations


You had 2 spell levels left.
You knew the following spells:

 Your Spells              Type           Power        Failure   Level  Hunger
a - Call Imp              Summ           ####....     1%          2    None
b - Magic Dart            Conj           ####         1%          1    None
c - Summon Guardian Gole  Hex/Summ       ###.....     1%          3    #......
d - Summon Lightning Spi  Summ/Air       ####....     1%          4    ###....
e - Passwall              Tmut/Erth      ##........   4%          2    None
f - Throw Icicle          Conj/Ice       ####....     1%          4    ###....
g - Summon Demon          Summ           ####......   1%          5    #####..
h - Aura of Abjuration    Summ           ####......   1%          5    #####..
i - Recall                Summ/Tloc      N/A          1%          3    #......
j - Iskenderun's Battles  Conj/Chrm      ###.....     10%         5    #####..
k - Summon Forest         Summ/Tloc      ###.......   9%          5    #####..


Dungeon Overview and Level Annotations

Branches:
Dungeon (15/15)            Temple (1/1) D:6            Lair (6/6) D:9
 Shoals (0/4) Lair:4       Spider (0/4) Lair:2        Slime (0/5) Lair:6
    Orc (2/2) D:11            Elf (0/3) Orc:2        Vaults (0/5) D:13
 Depths: D:15

Altars:
Ashenzari
Cheibriados
Dithmenos
Elyvilon
Fedhas
Gozag
Hepliaklqana
Makhleb
Nemelex Xobeh
Qazlal
Ru
Trog
Uskayaw
Vehumet
Xom
Zin
The Shining One
Beogh

Shops:
D:6 :   D:11 :   D:14 =   Orc:2 :(*[

Annotations:
Orc:1 Donald


Innate Abilities, Weirdness & Mutations

You can breathe bolts of dispelling energy.
Your rich purple scales are hard. (AC +9)
You cannot fit into any form of body armour.
You are cold-blooded and may be slowed by cold attacks.
Your life essence is reduced. (-10% HP)


Message History

You feel better.
The yaktaur pulls away from the web.
The yaktaur hits you.
* * * LOW HITPOINT WARNING * * *
Your soldier ant barely misses the yaktaur.
Unknown command.
You are confused.
You feel invigorated.
The yaktaur wields an uncursed arbalest.
The yaktaur shoots a bolt.
The bolt hits you!!
* * * LOW HITPOINT WARNING * * *
The yaktaur hits you.
* * * LOW HITPOINT WARNING * * *
Your soldier ant stings the yaktaur.
The yaktaur looks as sick as possible!
Your soldier ant poisons the yaktaur!
Okay, then.
Are you sure you want to stumble around while confused and next to your crimson imp?
Okay, then.
Are you sure you want to stumble around while confused and next to your crimson imp?
Okay, then.
The yaktaur shoots a bolt.
The bolt misses your crimson imp. The bolt hits you!
You die...

.≈≈≈≈≈ #≈≈≈c≈≈
≈≈≈≈≈≈≈ ≈)≈≈≈≈≈≈
c≈c≈E≈≈≈
#######≈)≈≈≈≈≈
###ac5((§..≈≈≈≈≈
#..5####§.§####.
###@###§..§§##
#c##§...§§§#
#.#§§§§..§§§###
#...§§§..§§§..#
#...§.§_.......
#..§§.§.§§§§..#
#.#§§§§.§§§.###
#.##§§§.§§§##
#.# #§§..§#


You could see 2 yaktaurs, a friendly soldier ant and a friendly crimson imp.

Vanquished Creatures
  A stone giant (Orc:1)
  A hydra (Lair:3)
  A catoblepas (D:13)
  A centaur warrior (D:14)
  5 orc high priests
  An unseen horror (D:13)
  An orc knight (Orc:1)
  A hill giant (D:12)
  A manticore (D:14)
  2 orc sorcerers
  A deep elf mage (D:14)
  A cyclops (D:13)
  3 black mambas
  7 spiny frogs
  A torpor snail (Lair:6)
  3 centaur skeletons (D:13)
  4 komodo dragons
  A kobold demonologist (D:14)
  3 trolls
  A polar bear (Lair:6)
  A jumping spider (shapeshifter) (D:14)
  3 two-headed ogres
  4 slime creatures
  3 blink frogs
  3 hippogriffs
  A spriggan (Lair:5)
  10 yaks
  Sigmund (D:3)
  2 vampire mosquitoes (D:12)
  A mottled dragon (D:12)
  2 wargs
  A hell hound (D:14)
  2 water moccasins
  A porcupine (Lair:4)
  An ice beast (D:10)
  3 black bears
  7 orc warriors
  3 phantoms
  9 ogres
  3 centaurs
  4 wolves
  4 crocodiles
  12 bullfrogs
  3 big kobolds
  A wyvern zombie (D:12)
  2 wyvern skeletons
  3 scorpions
  2 killer bees
  4 wights
  7 howler monkeys
  A bullfrog zombie (D:13)
  7 crimson imps
  3 quasits
  3 centaur zombies
  5 hounds
  2 jellies (D:8)
  Crazy Yiuf (D:3)
  8 orc priests
  2 bullfrog skeletons
  5 iguanas
  9 orc wizards
  12 worker ants
  A hound zombie (Ossuary)
  Robin (D:3)
  A howler monkey skeleton (D:6)
  2 gnolls
  17 adders
  5 shadow imps
  2 oozes
  An adder skeleton (D:5)
  6 worms
  A dart slug (D:2)
  4 leopard geckos
  48 orcs
  7 bats
  7 giant cockroaches
  24 goblins
  17 hobgoblins
  6 jackals
  18 kobolds
  4 quokkas
  2 ball pythons
  3 frilled lizards
  A jackal skeleton (D:4)
  A jackal zombie (D:6)
  A leopard gecko skeleton (D:4)
  A leopard gecko zombie (D:8)
  10 rats
  9 fungi
  2 plants (Lair:6)
403 creatures vanquished.

Vanquished Creatures (collateral kills)
  Rupert (Lair:5)
  Gastronok (Lair:1)
  An orc warlord (Orc:1)
  Azrael (D:14)
  A dire elephant (Lair:5)
  A fire dragon (Lair:6)
  3 hydras
  2 centaur warriors
  An ogre mage (D:13)
  A death knight (D:11)
  2 orc high priests (Orc:1)
  A skeletal warrior (D:12)
  4 unseen horrors
  4 hill giants
  7 orc knights
  2 cyclopes
  An orc sorcerer (Orc:2)
  A deep elf mage (D:14)
  A moth of wrath (shapeshifter) (D:13)
  2 black mambas
  5 torpor snails
  A gargoyle (D:11)
  13 spiny frogs
  A demonic crawler (Lair:1)
  8 komodo dragons
  An efreet (D:13)
  A komodo dragon (shapeshifter) (D:14)
  A merfolk (shapeshifter) (D:11)
  9 polar bears
  3 trolls
  A tengu conjurer (D:14)
  4 tyrant leeches
  16 blink frogs
  10 hippogriffs
  11 slime creatures
  3 raiju (Lair:6)
  2 two-headed ogres
  8 hornets
  4 dream sheep (Lair:6)
  A vampire (D:14)
  2 spriggans (Lair:5)
  A water elemental (D:15)
  A shadow (D:9)
  2 wraiths (D:13)
  34 yaks
  4 basilisks
  6 wyverns
  4 fire elementals
  A hungry ghost (D:10)
  10 vampire mosquitoes
  6 wargs
  12 water moccasins
  10 hell hounds
  3 ice beasts
  9 porcupines
  23 orc warriors
  A phantom (D:10)
  12 black bears
  A boggart (D:13)
  13 ogres
  3 centaurs
  3 eyes of draining
  3 necrophages
  15 wolves
  10 crocodiles
  5 big kobolds
  9 bullfrogs
  A gnoll sergeant (Orc:1)
  A wyvern skeleton (D:14)
  3 scorpions
  5 killer bees
  An electric eel (Lair:4)
  9 wights
  8 howler monkeys
  2 crimson imps
  A centaur zombie (D:10)
  11 hounds
  2 bullfrog skeletons
  13 orc wizards
  6 orc priests
  3 jellies
  A centaur skeleton (D:11)
  2 iguanas (D:10)
  3 worker ants
  A killer bee zombie (D:10)
  A howler monkey zombie (D:11)
  4 gnolls
  2 adders (D:11)
  A howler monkey skeleton (D:8)
  2 shadow imps
  An adder skeleton (D:8)
  A leopard gecko (D:6)
  36 orcs
  A giant cockroach (Lair:2)
  12 kobolds
  16 fungi
  3 plants
497 creatures vanquished.

Vanquished Creatures (others)
  A lindwurm (Lair:6)
  A polar bear (Lair:6)
  A blink frog (Lair:6)
  A snapping turtle (Lair:4)
  A warg (Lair:6)
  A howler monkey (D:14)
  A hound (Lair:6)
  29 knights
  5 ancestors
  An adder (D:8)
  2 bushes (Lair:6)
  22 fungi
  48 plants
114 creatures vanquished.

Grand Total: 1014 creatures vanquished

Notes
Turn   | Place    | Note
-------+----------+-------------------------------------------
     0 | D:1      | KarmaPolice the Draconian Gladiator began the quest for the Orb.
     0 | D:1      | Reached XP level 1. HP: 17/17 MP: 1/1
   144 | D:1      | Reached XP level 2. HP: 23/25 MP: 2/2
   883 | D:1      | Reached XP level 3. HP: 28/31 MP: 3/3
  1118 | D:2      | Noticed a hand axe
  1118 | D:2      | Noticed a dagger
  1137 | D:2      | Found a hide-covered altar of Uskayaw.
  1785 | D:3      | Reached XP level 4. HP: 39/39 MP: 4/4
  1817 | D:3      | Noticed Robin
  2161 | D:3      | Killed Robin
  2372 | D:3      | Found a radiant altar of Vehumet.
  2373 | D:3      | Found a burning altar of Makhleb.
  2379 | D:3      | Reached XP level 5. HP: 38/46 MP: 5/5
  2472 | D:3      | Noticed Sigmund
  2705 | D:2      | You fall through a shaft!
  3021 | D:3      | Found a snail-covered altar of Cheibriados.
  3255 | D:3      | Got a smoking helmet
  3287 | D:3      | Found a runed door.
  3291 | D:3      | Noticed Crazy Yiuf
  3327 | D:3      | Killed Crazy Yiuf
  3327 | D:3      | Reached skill level 1 in Evocations
  3333 | D:3      | Reached skill level 5 in Polearms
  3872 | D:3      | Reached XP level 6. HP: 47/53 MP: 5/7
  3953 | D:3      | Killed Sigmund
  3953 | D:3      | Reached skill level 5 in Fighting
  4101 | D:3      | Found a stormy altar of Qazlal.
  4103 | D:3      | Noticed a water elemental
  4156 | D:3      | Noticed a fire elemental
  4156 | D:3      | Noticed an air elemental
  4507 | D:4      | Found a sacrificial altar of Ru.
  4507 | D:4      | Found a sparkling altar of Nemelex Xobeh.
  4533 | D:4      | Found a sand-covered staircase.
  4541 | Ossuary  | Entered an ossuary
  4549 | Ossuary  | Your scales start taking on a rich purple colour.
  4549 | Ossuary  | Reached XP level 7. HP: 57/61 MP: 9/9
  5038 | D:4      | Found a glowing golden altar of the Shining One.
  5040 | D:4      | Found a glowing silver altar of Zin.
  5041 | D:4      | Found a white marble altar of Elyvilon.
  5892 | D:5      | Entered Level 5 of the Dungeon
  6085 | D:4      | Reached skill level 1 in Spellcasting
  6158 | D:5      | Reached skill level 1 in Short Blades
  6481 | D:5      | Reached skill level 2 in Spellcasting
  7618 | D:6      | Found a staircase to the Ecumenical Temple.
  7637 | D:5      | Reached skill level 3 in Spellcasting
  7695 | D:6      | Reached XP level 8. HP: 60/71 MP: 13/13
  7709 | Temple   | Entered the Ecumenical Temple
  7719 | Temple   | Became a worshipper of Hepliaklqana the Forgotten
  7858 | D:6      | Reached skill level 4 in Spellcasting
  8310 | D:6      | Reached skill level 5 in Spellcasting
  8416 | D:6      | Found Ybulueh's Book Shop.
  8679 | D:6      | Learned a level 2 spell: Call Imp
  9065 | D:6      | Noticed a hippogriff
  9065 | D:6      | Reached skill level 1 in Summonings
  9077 | D:6      | Killed a hippogriff
  9077 | D:6      | Reached skill level 6 in Spellcasting
  9466 | D:7      | Learned a level 3 spell: Stone Arrow
  9486 | D:7      | Reached XP level 9. HP: 73/73 MP: 18/18
  9640 | D:7      | Reached skill level 1 in Invocations
  9753 | D:7      | Reached skill level 1 in Conjurations
  9964 | D:7      | Found an opulent altar of Gozag.
 10087 | D:7      | Reached * piety under Hepliaklqana
 10325 | D:7      | Found a shattered altar of Ashenzari.
 10596 | D:8      | Learned a level 3 spell: Summon Guardian Golem
 10622 | D:8      | Reached skill level 7 in Spellcasting
 10770 | D:8      | Found a sacrificial altar of Ru.
 10793 | D:8      | Noticed a troll
 10847 | D:8      | Killed a troll
 11081 | D:8      | Found a snail-covered altar of Cheibriados.
 11264 | D:8      | Reached ** piety under Hepliaklqana
 11313 | D:8      | Remembered your ancestor Cuetlachtli as a knight
 12095 | D:8      | Reached XP level 10. HP: 80/80 MP: 15/21
 12410 | D:9      | Found a staircase to the Lair.
 12432 | D:9      | Reached skill level 5 in Summonings
 12596 | D:9      | Learned a level 4 spell: Summon Lightning Spire
 12964 | D:9      | Noticed a spiny frog
 12980 | D:9      | Reached skill level 8 in Spellcasting
 13202 | D:9      | Killed a spiny frog
 13536 | D:9      | Reached skill level 5 in Invocations
 13821 | D:9      | Identified a +0 rod of inaccuracy (10/10) (You found it on level 8 of the Dungeon)
 14218 | D:9      | Learned a level 2 spell: Passwall
 14232 | D:10     | Entered Level 10 of the Dungeon
 14287 | D:10     | Reached skill level 1 in Air Magic
 14626 | D:10     | Reached skill level 5 in Conjurations
 14856 | D:10     | Noticed an orc knight
 15411 | D:10     | Killed an orc knight
 15501 | D:10     | Reached skill level 9 in Spellcasting
 15736 | D:10     | Reached *** piety under Hepliaklqana
 15916 | D:10     | Reached XP level 11. HP: 85/85 MP: 13/24
 16354 | D:11     | Noticed a death knight
 17150 | Lair:1   | Entered Level 1 of the Lair of Beasts
 17161 | Lair:1   | Learned a level 4 spell: Throw Icicle
 17541 | Lair:1   | Noticed Gastronok
 17707 | Lair:1   | Reached skill level 1 in Ice Magic
 18987 | Lair:2   | Found a hole to the Spider Nest.
 19411 | Lair:2   | Found a hazy altar of Hepliaklqana.
 19579 | Lair:1   | Learned a level 5 spell: Summon Demon
 19708 | Lair:2   | Reached **** piety under Hepliaklqana
 20236 | Lair:3   | Reached skill level 5 in Evocations
 20375 | Lair:3   | HP: 4/85 [burnt (5)]
 21226 | Lair:3   | Noticed a six-headed hydra
 21277 | Lair:3   | Killed a six-headed hydra
 21277 | Lair:3   | Reached skill level 10 in Spellcasting
 21277 | Lair:3   | Reached XP level 12. HP: 92/92 MP: 1/26
 21993 | Lair:1   | Killed Gastronok
 22112 | Lair:1   | Reached skill level 5 in Ice Magic
 22884 | Lair:4   | Reached ***** piety under Hepliaklqana
 23045 | Lair:4   | Found a staircase to the Shoals.
 23477 | Lair:4   | Learned a level 5 spell: Aura of Abjuration
 23673 | Lair:5   | Reached skill level 5 in Air Magic
 24581 | Lair:5   | Reached skill level 11 in Spellcasting
 24671 | Lair:5   | Noticed an eight-headed hydra
 24702 | Lair:5   | Killed an eight-headed hydra
 25215 | Lair:5   | You fall through a shaft!
 25215 | Lair:6   | Entered Level 6 of the Lair of Beasts
 25345 | Lair:6   | Noticed Rupert
 25345 | Lair:6   | Paralysed by Rupert for 4 turns
 25748 | Lair:6   | Paralysed by Rupert for 2 turns
 25751 | Lair:6   | Found a staircase to the Slime Pits.
 26208 | Lair:6   | Paralysed by Rupert for 5 turns
 26235 | Lair:6   | Paralysed by a hornet for 2 turns
 26523 | Lair:5   | Reached XP level 13. HP: 91/97 MP: 19/28
 26851 | Lair:6   | Found a glowing silver altar of Zin.
 28181 | Lair:5   | Noticed a dire elephant
 28214 | Lair:5   | Killed a dire elephant
 28352 | Lair:5   | Killed Rupert
 28826 | Lair:6   | Found a runed door.
 29100 | Lair:6   | Reached skill level 10 in Summonings
 29410 | Lair:6   | Learned a level 3 spell: Recall
 29754 | Lair:6   | Reached skill level 10 in Conjurations
 32158 | Lair:6   | Identified the Grimoire of Feathery Snow
 32774 | Lair:6   | Noticed a fire dragon
 33169 | Lair:6   | Killed a fire dragon
 34236 | D:11     | Found Nurgha's Book Boutique.
 34325 | D:11     | Found a staircase to the Orcish Mines.
 34357 | D:11     | Found a roughly hewn altar of Beogh.
 34615 | Lair:1   | Learned a level 6 spell: Freezing Cloud
 34661 | D:11     | Reached XP level 14. HP: 102/104 MP: 16/29
 35141 | D:12     | Reached skill level 12 in Spellcasting
 35337 | D:12     | Reached ****** piety under Hepliaklqana
 37642 | D:11     | Bought a book of Power for 630 gold pieces
 38438 | D:13     | Found a gate to the Vaults.
 39349 | Orc:1    | Entered Level 1 of the Orcish Mines
 39724 | Orc:2    | Entered Level 2 of the Orcish Mines
 39724 | Orc:2    | Found a staircase to the Elven Halls.
 39732 | Orc:2    | Noticed an orc warlord
 40390 | Orc:1    | Killed an orc warlord
 42223 | Orc:2    | Reached skill level 13 in Spellcasting
 42227 | Orc:2    | Found Soshrur's Antique Armour Boutique.
 42369 | Orc:2    | Found Zeshrarch's Antique Weapon Boutique.
 42791 | Orc:2    | Found Ynym's Book Boutique.
 42906 | Orc:2    | Noticed Donald
 43097 | Orc:2    | Reached skill level 1 in Earth Magic
 43716 | Orc:2    | Found Qianluosu's General Store.
 43724 | Orc:2    | Bought a scroll of remove curse for 45 gold pieces
 43724 | Orc:2    | Bought a potion of flight for 45 gold pieces
 43724 | Orc:2    | Bought 2 scrolls of identify for 60 gold pieces
 43724 | Orc:2    | Bought a scroll of identify for 30 gold pieces
 44603 | Orc:1    | Noticed a stone giant
 44621 | Orc:1    | Killed a stone giant
 44841 | Orc:2    | Bought a book of Conjurations for 360 gold pieces
 44849 | Orc:2    | Learned a level 5 spell: Iskenderun's Battlesphere
 44852 | Orc:2    | Learned a level 1 spell: Magic Dart
 44957 | D:14     | Noticed Azrael
 46187 | D:14     | Reached XP level 15. HP: 109/109 MP: 17/32
 46414 | D:14     | Killed Azrael
 46871 | D:14     | Found Zeugger's Jewellery Shop.
 46891 | D:14     | Bought an uncursed amulet of magic regeneration for 390 gold pieces
 46916 | D:14     | Identified a scroll of acquirement
 47366 | D:14     | Learned a level 5 spell: Summon Forest
 47844 | D:15     | Entered Level 15 of the Dungeon
 47919 | D:15     | Found a shadowy altar of Dithmenos.
 47992 | D:15     | HP: 4/109 [yaktaur (4)]
 47993 | D:15     | Shot with a bolt by a yaktaur

Skill      XL: |  1  2  3  4  5  6  7  8  9 10 11 12 13 14 15 |
---------------+----------------------------------------------+-----
Fighting       | 3 4 5 6 8 |  8.3
Polearms       | 4 5 |  5.5
Dodging        | 3 4 |  4.0
Evocations     | 1 2 3 5 |  5.1
Spellcasting   | 3 6 7 9 10 11 13 | 13.6
Short Blades   | 2 |  2.5
Summonings     | 2 4 6 8 9 10 12 | 12.4
Invocations    | 4 5 7 |  7.0
Conjurations   | 3 5 7 9 10 11 12 | 12.0
Air Magic      | 3 4 5 7 8 |  8.1
Ice Magic      | 4 6 8 |  8.0
Earth Magic    | 2 3 |  3.5
Throwing       | |  1.7

Action                   |  1- 3 |  4- 6 |  7- 9 | 10-12 | 13-15 || total
-------------------------+-------+-------+-------+-------+-------++-------
Melee: Trident           |    60 |     4 |     7 |       |       ||    71
       Tailslap          |     4 |    27 |    64 |    46 |    89 ||   230
       Dagger            |    66 |   199 |   268 |       |       ||   533
       Spear             |       |       |   141 |   378 |   694 ||  1213
Throw: Throwing net      |       |       |       |     1 |       ||     1
 Cast: Call Imp          |       |       |    43 |   539 |  1132 ||  1714
       Summon Guardian G |       |       |     2 |    15 |    45 ||    62
       Stone Arrow       |       |       |     1 |    10 |       ||    11
       Summon Lightning  |       |       |       |     8 |    80 ||    88
       Summon Demon      |       |       |       |     9 |     1 ||    10
       Throw Icicle      |       |       |       |     6 |    54 ||    60
       Magic Dart        |       |       |       |       |    24 ||    24
       Aura of Abjuratio |       |       |       |       |     7 ||     7
       Iskenderun's Batt |       |       |       |       |     6 ||     6
       Freezing Cloud    |       |       |       |       |     3 ||     3
       Recall            |       |       |       |       |     1 ||     1
       Passwall          |       |       |       |       |     1 ||     1
Invok: Recall Ancestor   |       |       |     7 |    15 |    61 ||    83
       Ancestor Life: Kn |       |       |     1 |       |       ||     1
 Abil: Breathe Dispellin |       |       |       |       |     2 ||     2
Evoke: Wand              |       |       |       |    12 |    13 ||    25
       Phial of floods   |       |       |       |       |     2 ||     2
       Box of beasts     |       |       |       |       |     2 ||     2
       Sack of spiders   |       |       |       |       |     1 ||     1
  Use: Scroll            |       |     4 |     7 |    11 |    18 ||    40
       Potion            |       |       |       |     3 |     4 ||     7
 Stab: Sleeping          |     3 |     1 |     2 |     1 |     1 ||     8
       Distracted        |       |       |     2 |     7 |    12 ||    21
  Eat: Chunk             |     3 |     9 |    16 |    35 |    69 ||   132
       Royal jelly       |       |       |     2 |     2 |       ||     4
       Meat ration       |       |       |     1 |     1 |     2 ||     4
       Fruit             |       |       |       |    12 |     8 ||    20
       Pizza             |       |       |       |       |     1 ||     1
Armor: Skin              |    34 |    56 |   112 |   112 |   353 ||   667
Dodge: Dodged            |    61 |   135 |   242 |   242 |   457 ||  1137
